 Dungeon Crawl Stone Soup version 0.27-a0-1501-g9d6fb14e67 (webtiles) character file.

Game seed: 8598028646073909478

42 Kinoniko the Chopper (level 3, 0/31 HPs)
             Began as a Ghoul Monk on July 8, 2021.
             Slain by Terence (4 damage)
             ... on level 2 of the Dungeon.
             The game lasted 00:01:24 (1375 turns).

Kinoniko the Chopper (Ghoul Monk)                   Turns: 1375, Time: 00:01:25

Health: 0/31       AC:  8    Str: 14 (15) XL:     3   Next: 54%
Magic:  2/2        EV:  6    Int:  5      God:
Gold:   55         SH:  0    Dex: 10 (11) Spells: 2/2 levels left

rFire    . . .     SeeInvis .   a - +0 hand axe
rCold    + . .     Faith    .   (no shield)
rNeg     + + +     Spirit   .   j - +0 chain mail
rPois    ∞         Reflect  .   (no helmet)
rElec    .         Harm     .   (no cloak)
rCorr    .         Rampage  .   (no gloves)
Will     .....                  (no boots)
Stlth    ..........             (no amulet)
HPRegen  0.00/turn              (no ring)
MPRegen  0.08/turn              (no ring)

@: no status effects
A: claws 1, cold resistance 1, negative energy resistance 3, inhibited
regeneration, torment resistance 2
a: no special abilities


You were on level 2 of the Dungeon.
You visited 1 branch of the dungeon, and saw 2 of its levels.

You collected 55 gold pieces.

Inventory:

Hand Weapons
 a - a +0 hand axe (weapon)
Armour
 b - a +0 robe
 j - a +0 chain mail (worn)
Scrolls
 d - a scroll of fear {unknown}
 f - a scroll of blinking {unknown}
 g - a scroll of immolation {unknown}
 h - a scroll of summoning {unknown}
 i - a scroll of noise {unknown}
 k - 2 scrolls of identify {unknown}
 l - a scroll of magic mapping {unknown}
 m - a scroll of fog {unknown}


   Skills:
 - Level 3.4 Fighting
 * Level 3.7 Axes
 - Level 3.0 Dodging
 - Level 2.2 Stealth


You had 2 spell levels left.
You didn't know any spells.
Your spell library was empty.

Dungeon Overview and Level Annotations

Branches:
Dungeon (2/15)

Altars:

Annotations:
D:2 Terence


Innate Abilities, Weirdness & Mutations

You thrive by killing the living.
You are immune to poison.
You have sharp fingernails.
Your flesh is cold resistant. (rC+)
You are immune to negative energy. (rN+++)
You do not regenerate when monsters are visible.
You are immune to unholy pain and torment.


Message History

* * * LOW HITPOINT WARNING * * *
Unknown command.
It was a potion of curing.
You feel better.
The giant cockroach waves its antennae.
Terence hits you with a +0 trident.
* * * LOW HITPOINT WARNING * * *
You feel better. Terence closely misses you.
You closely miss Terence.
Terence is severely wounded.
Terence hits you but does no damage.
You closely miss Terence.
Terence is severely wounded.
The giant cockroach waves its antennae.
Terence hits you but does no damage.
You hit Terence but do no damage.
Terence is severely wounded.
The giant cockroach waves its antennae.
Terence hits you with a +0 trident.
You hit Terence but do no damage.
Terence is severely wounded.
Terence barely misses you.
You barely miss Terence.
Terence is severely wounded.
Terence hits you with a +0 trident!
You hit Terence but do no damage.
Terence is severely wounded.
Terence hits you with a +0 trident.
* * * LOW HITPOINT WARNING * * *
You barely miss Terence.
Terence is severely wounded.
Terence says, "Don't bother to defend, it's senseless."
Terence hits you with a +0 trident.
* * * LOW HITPOINT WARNING * * *
It was a potion of mutation.
You feel extremely strange.
Your body decomposes!
You feel weakened.
Your body decomposes!
You feel clumsy. Terence hits you with a +0 trident.
You die...

...... ...... <....
###...# .......
.......## #...[B# #
#...#@# .. ### #@# ..
#.####+#+##.###
#.............. ##
#............#
...#######............#
...................##.#
...................#
...................#
....)..............#


You could see Terence and a giant cockroach.

Vanquished Creatures
  2 adders
  A worm (D:2)
  A dart slug (D:1)
  A ball python (D:2)
  An endoplasm (D:2)
  4 goblins
  3 hobgoblins (D:2)
  A bat (D:2)
  2 frilled lizards (D:2)
  A kobold (D:1)
  2 rats (D:2)
19 creatures vanquished.

Vanquished Creatures (others)
  2 plants (D:2)
2 creatures vanquished.

Grand Total: 21 creatures vanquished

Notes
Turn   | Place    | Note
-------+----------+-------------------------------------------
     0 | D:1      | Kinoniko the Ghoul Monk began the quest for the Orb.
     0 | D:1      | Reached XP level 1. HP: 19/19 MP: 0/0
   972 | D:1      | Reached XP level 2. HP: 26/26 MP: 1/1
  1163 | D:2      | Reached XP level 3. HP: 31/31 MP: 2/2
  1326 | D:2      | Noticed Terence
  1375 | D:2      | Slain by Terence

Illustrated notes

Levels and vault maps discovered:
D:1:      dpeg_arrival_connections, layout_basic, serial_bayou_ford_a
D:2:      cheibrodos_old_hovel, layout_basic, minmay_crystal_water,
          minmay_octomino_j4, uniq_jessica, uniq_terence

Skill      XL: |  1  2 |
---------------+-------+-----
Dodging        | 3 |  3.0
Axes           | 3 |  3.7
Fighting       | |  3.4
Stealth        | |  2.2

Action                   || total
-------------------------++-------
Melee: Hand axe          ||    93
  Use: Potion            ||     3
Armor: Chain mail        ||    56
       Robe              ||     1
Dodge: Dodged            ||    46

Table legend: (Time is in decaauts)
 A = Elapsed time spent in this place.
 B = Non-inter-level travel time spent in this place.
 C = Inter-level travel time spent in this place.
 D = Time resting spent in this place.
 E = Time spent auto-exploring this place.
 F = Levels seen in this place.
 G = Mean time per level.
                   A        B        C        D        E       F      G
               +--------+--------+--------+--------+--------+-----+--------+
         Total |   1403 |   1372 |     31 |     57 |   1100 |   2 |  701.5 |
       Dungeon |   1403 |   1372 |     31 |     57 |   1100 |   2 |  701.5 |
               +--------+--------+--------+--------+--------+-----+--------+

Top non-repeatable levels by time:
     D:1: 1119 daAuts
     D:2: 283 daAuts
